 Dungeon Crawl Stone Soup version 0.29-a0-82-g837932c90e (webtiles) character file.

Game seed: 5723958918572758483

1372 GrayStillPlays the Chiller (level 8, -1/58 HPs)
             Began as a Gnoll Ice Elementalist on Feb 4, 2022.
             Slain by an orc knight (47 damage)
             ... in a bailey.
             The game lasted 00:28:43 (8084 turns).

GrayStillPlays the Chiller (Gnoll Ice Elementalist) Turns: 8084, Time: 00:28:43

Health: -1/58      AC:  3    Str:  8    XL:     8   Next: 65%
Magic:  17/17      EV: 14    Int: 16    God:
Gold:   368        SH:  0    Dex: 13    Spells: 12/19 levels left

rFire   . . .      SeeInvis .   A - +5 dagger (protect) {short}
rCold   . . .      Faith    .   (no shield)
rNeg    . . .      Spirit   .   a - +0 robe
rPois   .          Reflect  .   i - +0 helmet
rElec   .          Harm     .   t - scarf {+Inv}
rCorr   .          Rampage  .   (no gloves)
Will    .....                   (no boots)
Stlth   +++.......              (no amulet)
HPRegen 0.19/turn               (no ring)
MPRegen 0.15/turn               (no ring)

@: no status effects
A: fangs 1, strong nose, distributed training
a: Evoke Invisibility


You were in a bailey.
You visited 2 branches of the dungeon, and saw 8 of its levels.
You also visited: Ossuary and Bailey.

You collected 368 gold pieces.


Innate Abilities, Weirdness & Mutations

You have very sharp teeth.
Your uncanny sense of smell can sniff out nearby items.
Your experience applies equally to all skills.


   Skills:
 + Level 3.4 Fighting
 + Level 3.4 Short Blades
 + Level 3.4 Long Blades
 + Level 3.4 Axes
 + Level 3.4 Maces & Flails
 + Level 3.4 Polearms
 + Level 3.4 Staves
 + Level 3.4 Slings
 + Level 3.4 Bows
 + Level 3.4 Crossbows
 + Level 3.4 Throwing
 + Level 3.4 Armour
 + Level 5.8 Dodging
 + Level 5.5 Stealth
 + Level 3.4 Shields
 + Level 3.4 Unarmed Combat
 + Level 6.1 Spellcasting
 + Level 2.8 Conjurations
 + Level 2.8 Hexes
 + Level 2.8 Summonings
 + Level 2.8 Necromancy
 + Level 2.8 Translocations
 + Level 2.8 Transmutations
 + Level 2.8 Fire Magic
 + Level 7.7 Ice Magic
 + Level 2.8 Air Magic
 + Level 2.8 Earth Magic
 + Level 2.8 Poison Magic
 + Level 3.8 Invocations
 + Level 3.4 Evocations


You had 12 spell levels left.
You knew the following spells:

 Your Spells              Type           Power      Damage    Failure   Level
a - Freeze                Ice            100%       1d11      1%          1
b - Ozocubu's Armour      Ice            29%        N/A       1%          3
c - Frozen Ramparts       Ice            58%        1d7       1%          3

Your spell library contained the following spells:

 Spells                   Type           Power      Damage    Failure   Level
 Static Discharge         Conj/Air       14%        N/A       6%          2
 Hailstorm                Conj/Ice       21%        3d6       16%         4
 Freezing Cloud           Conj/Ice/Air   9%         6-21      52%         5
 Lightning Bolt           Conj/Air       7%         1d19      75%         5
 Infestation              Necr           7%         N/A       100%        8

Inventory:

Hand Weapons
 n - the +2 whip "Axzacat" {venom, rF+ Will+, mace}
   (You found it on level 2 of the Dungeon)

   It poisons the flesh of those it strikes.
   rF:        It protects you from fire.
   Will:      It increases your willpower.
 p - a +2 dagger of holy wrath {short}
   (You took it off an orc wizard on level 3 of the Dungeon)
 A - a +5 dagger of protection (weapon) {short}
   (You took it off Dowan on level 5 of the Dungeon)
Missiles
 b - 296 stones (quivered) {throwing}
 j - 98 bolts
 u - 53 arrows
 v - 21 sling bullets
Armour
 a - a +0 robe (worn)
 i - a +0 helmet (worn)
   (You found it on level 1 of the Dungeon)
 q - a +0 robe
   (You took it off an orc wizard on level 3 of the Dungeon)
 t - a scarf of invisibility (worn)
   (You found it in an ossuary)
 z - a +2 leather armour of fire resistance
   (You took it off Duvessa on level 5 of the Dungeon)
 F - a +0 tower shield
   (You found it on level 6 of the Dungeon)
Jewellery
 C - a +4 ring of protection
   (You found it on level 5 of the Dungeon)
 D - a ring of willpower
   (You found it on level 6 of the Dungeon)
Scrolls
 c - 2 scrolls of vulnerability {!r!r}
 d - 3 scrolls of teleportation {@r4}
 e - a scroll of fear {unknown}
 f - a scroll of enchant armour {unknown}
 h - a scroll of holy word {unknown}
 k - a scroll of summoning {unknown}
 o - 3 scrolls of magic mapping {!r}
 x - a scroll of enchant weapon {unknown}
 y - 2 scrolls of fog
 E - a scroll of acquirement {unknown}
Potions
 g - 2 potions of magic
 l - 3 potions of brilliance {unknown}
 m - 5 potions of curing {@q1}
 r - 2 potions of attraction {unknown}
 s - 2 potions of haste {@q3}
 w - a potion of lignification {unknown}
 B - 2 potions of experience {unknown}
 G - a potion of mutation {unknown}
 H - 2 potions of might
 I - a potion of heal wounds {unknown}
 J - a potion of invisibility

Dungeon Overview and Level Annotations

Branches:
Dungeon (7/15)             Temple (1/1) D:5         Ossuary (visited)
 Bailey (1/1)

Altars:
Cheibriados
Dithmenos
Elyvilon
Kikubaaqudgha
Makhleb
Nemelex Xobeh
Okawaru
Qazlal
Ru
Sif Muna
Trog
Uskayaw
Vehumet
Wu Jian
Xom
Yredelemnul
Zin
The Shining One

Shops:
D:4 (   D:6 =*(

Annotations:
D:7 Pikel

### ############ ..##
##....o...∩.##
...######.....#......#
#.)#....#....###o....#
8(oo....'.....8o....∩#
#.)#....#....###@....#
...######....)#......#
..## ##..)))...∩.##
### ############


You could see an orc knight (strong) and an orc (strong).


Message History

The wall freezes the orc warrior.
The orc warrior closely misses you.
The wall freezes the orc.
The orc misses you.
The wall freezes the orc warrior.
The orc warrior closely misses you.
The wall freezes the orc.
The orc closely misses you.
The wall freezes the orc.
The orc hits you but does no damage.
The wall freezes the orc warrior.
The orc warrior barely misses you.
The wall freezes the orc.
The orc closely misses you.
The wall freezes the orc.
You kill the orc!
The wall freezes the orc warrior!
You kill the orc warrior!
The wall freezes the orc.
You kill the orc! 😕 HP[+1]
The frozen ramparts melt away.
You start resting. 😕 HP[+5] MP[+5]
You regained 5 hp, and now have 51/58 hp.
Your mp is fully restored (17).
You start resting.
Your icy armour starts to melt.
Your icy armour evaporates. 😎 HP[+7]
Your hp is fully restored (58).
There is an open door here.
You see here a +0 hand axe {axe}.
Items here: ))) [[ †††.
Okay, then.
Things that are here:
a +0 glaive {polearm}; a +0 chain mail; an orc corpse
Items here: ))) [[ †††.
Items here: )) [ ††.
There is an open gate here.
l - a grey potion
G - a white potion
H - 2 potions of might
g - 2 potions of magic (gained 1)
B - 2 fizzy ruby potions (gained 1)
l - 2 grey potions (gained 1)
l - 3 grey potions (gained 1)
I - a fizzy coppery potion
J - a potion of invisibility You start waiting.
Done waiting.
As you open the gate, it creaks loudly! 2 orcs come into view.
The orc shouts! x2; You hear a shout! x3
An orc knight comes into view. It is wielding a +0 trident.
The orc moves out of view. x2 2 orc knights come into view.
Throw: 297 stones {throwing}
Press: ? - help, Q - select action, (/) - cycle Shift-Dir - straight line, f - orc knight
Aim: an orc knight, wielding a +0 trident and wearing a +0 plate armour (wandering, hasn't noticed you, 59% to hit)
You throw a stone {throwing}.
The stone {throwing} closely misses the orc knight.
The orc knight shouts!
You hear a shout!
An orc comes into view. It is wielding a +0 halberd.
The orc knight roars a battlecry!
The orcs go into a battle-frenzy!
You hear a shout!
There is an open gate here.
There is an open gate here.
The orc knight roars a battlecry!
There is an open gate here.
Things that are here:
a +0 glaive {polearm}; a +0 chain mail; an orc skeleton
There is an open door here.
You see here a +0 hand axe {axe}.
The orc no longer looks unusually strong.
The orc knight roars a battlecry!
The orc goes into a battle-frenzy!
The orc no longer looks unusually strong.
The orc knight no longer looks unusually strong.
The orc suddenly jeers.
There is an open door here.
The orc knight roars a battlecry!
The orcs go into a battle-frenzy!
The orc knight roars a battlecry!
The orc knight goes into a battle-frenzy!
You hear a shout!
Things that are here:
a +0 halberd {polearm}; a +0 ring mail
Things that are here:
a +0 trident {polearm}; a +0 ring mail; an orc skeleton
Things that are here:
a +0 hand axe {axe}; an orc skeleton The orc no longer looks unusually strong.
The orc knight roars a battlecry!
The orc goes into a battle-frenzy!
The orc hits you from afar with a +0 halberd! 😕 HP[-13]
You take 13 damage, and now have 45/58 hp.
MASSIVE DAMAGE!! (PAUSE)
The orc knight closely misses you. The orc knight misses you. 😕 HP[+1]
The orc knight hits you with a +0 trident!!!
Ouch! That really hurt!
You die...

Skill      XL: |  1  2  3  4  5  6  7  8 |
---------------+-------------------------+-----
Spellcasting   | 5 6 |  6.1
Invocations    | 1 2 3 |  3.8
Fighting       | 1 2 3 |  3.4
Short Blades   | 1 2 3 |  3.4
Long Blades    | 1 2 3 |  3.4
Axes           | 1 2 3 |  3.4
Maces & Flails | 1 2 3 |  3.4
Polearms       | 1 2 3 |  3.4
Staves         | 1 2 3 |  3.4
Slings         | 1 2 3 |  3.4
Bows           | 1 2 3 |  3.4
Crossbows      | 1 2 3 |  3.4
Throwing       | 1 2 3 |  3.4
Armour         | 1 2 3 |  3.4
Shields        | 1 2 3 |  3.4
Unarmed Combat | 1 2 3 |  3.4
Evocations     | 1 2 3 |  3.4
Conjurations   | 1 2 |  2.8
Hexes          | 1 2 |  2.8
Summonings     | 1 2 |  2.8
Necromancy     | 1 2 |  2.8
Translocations | 1 2 |  2.8
Transmutations | 1 2 |  2.8
Fire Magic     | 1 2 |  2.8
Air Magic      | 1 2 |  2.8
Earth Magic    | 1 2 |  2.8
Poison Magic   | 1 2 |  2.8
Dodging        | 5 |  5.8
Stealth        | 5 |  5.5
Ice Magic      | |  7.7

Action                   |  1- 3 |  4- 6 |  7- 9 || total
-------------------------+-------+-------+-------++-------
Melee: Unarmed           |    10 |       |       ||    10
       Bite              |     4 |     9 |    16 ||    29
       Mace              |    30 |     5 |       ||    35
       Whip              |       |    42 |    33 ||    75
       Dagger            |       |    60 |    56 ||   116
       Punch             |       |     2 |     4 ||     6
Throw: Stone             |       |     8 |    10 ||    18
 Cast: Freeze            |    33 |     6 |       ||    39
       Frozen Ramparts   |     1 |     8 |    18 ||    27
       Ozocubu's Armour  |     1 |     9 |    16 ||    26
 Abil: Evoke Invisibilit |       |       |     1 ||     1
  Use: Potion            |       |     4 |       ||     4
       Scroll            |       |       |     6 ||     6
 Stab: Sleeping          |     1 |     2 |     1 ||     4
       Invisible         |       |     2 |       ||     2
       Distracted        |       |       |     1 ||     1
Armor: Robe              |    20 |    38 |    33 ||    91
Dodge: Dodged            |    50 |    79 |    82 ||   211

Levels and vault maps discovered:
D:1:      minmay_arrival_pointy, layout_basic,
          hellmonk_ecumenical_altar_leap_of_faith
D:2:      cheibrodos_helix_gallery, layout_loops_ring, minmay_misc_feat_columns
D:3:      layout_loops_cross, mainiacjoe_overflow_big_doors,
          mainiacjoe_overflow_catwalk
D:4:      layout_cave_pools, chequers_ossuary_entry_cave, serial_shops,
          kennysheep_little_box
D:5:      layout_rooms, nemelex_spade_bored_becter, lemuel_tele_altar,
          minmay_temple_entry_butterflies, uniq_duvessa
D:6:      layout_basic, serial_shops, nicolae_square_shop, shop, shop
D:7:      layout_cave_pools, kennysheep_mini, enter_bailey_3,
          chequers_arboretum, grunt_ministairs_7, minmay_microvault,
          uniq_maggie, uniq_pikel
Temple:   nicolae_temple_figure_eight
Bailey:   bailey_polearm_5, bailey

Notes
Turn   | Place    | Note
-------+----------+-------------------------------------------
     0 | D:1      | GrayStillPlays the Gnoll Ice Elementalist began the quest
                  | for the Orb.
     0 | D:1      | Reached XP level 1. HP: 13/13 MP: 6/6
     0 | D:1      | magus.rc [v1.9.6]
   700 | D:1      | You add the spells Static Discharge, Freezing Cloud,
                  | Lightning Bolt and Infestation to your library.
   700 | D:1      | Got Sif Muna's Guide on Lightness and Evil
   733 | D:1      | Reached XP level 2. HP: 20/20 MP: 4/7
   826 | D:1      | Found a faded altar of an unknown god.
  1202 | D:2      | HP: 5/20 [ball python (3)]
  1204 | D:2      | Reached XP level 3. HP: 6/25 MP: 7/9
  1445 | D:1      | Learned a level 3 spell: Ozocubu's Armour
  1449 | D:1      | Learned a level 3 spell: Frozen Ramparts
  1458 | D:2      | Reached skill level 5 in Spellcasting
  1764 | D:2      | Identified the +2 whip "Axzacat" {venom, rF+ Will+}
  1911 | D:2      | Reached skill level 1 in Invocations
  2233 | D:2      | Reached skill level 1 in Fighting
  2233 | D:2      | Reached skill level 1 in Short Blades
  2233 | D:2      | Reached skill level 1 in Long Blades
  2233 | D:2      | Reached skill level 1 in Axes
  2233 | D:2      | Reached skill level 1 in Maces & Flails
  2233 | D:2      | Reached skill level 1 in Polearms
  2233 | D:2      | Reached skill level 1 in Staves
  2233 | D:2      | Reached skill level 1 in Slings
  2233 | D:2      | Reached skill level 1 in Bows
  2233 | D:2      | Reached skill level 1 in Crossbows
  2233 | D:2      | Reached skill level 1 in Throwing
  2233 | D:2      | Reached skill level 1 in Armour
  2233 | D:2      | Reached skill level 1 in Shields
  2233 | D:2      | Reached skill level 1 in Unarmed Combat
  2233 | D:2      | Reached skill level 1 in Evocations
  2602 | D:3      | Reached XP level 4. HP: 32/32 MP: 7/11
  2640 | D:3      | Found a burning altar of Makhleb.
  2715 | D:3      | Reached skill level 1 in Conjurations
  2715 | D:3      | Reached skill level 1 in Hexes
  2715 | D:3      | Reached skill level 1 in Summonings
  2715 | D:3      | Reached skill level 1 in Necromancy
  2715 | D:3      | Reached skill level 1 in Translocations
  2715 | D:3      | Reached skill level 1 in Transmutations
  2715 | D:3      | Reached skill level 1 in Fire Magic
  2715 | D:3      | Reached skill level 1 in Air Magic
  2715 | D:3      | Reached skill level 1 in Earth Magic
  2715 | D:3      | Reached skill level 1 in Poison Magic
  2845 | D:3      | Reached XP level 5. HP: 28/37 MP: 5/12
  3891 | D:3      | Found an iron altar of Okawaru.
  3947 | D:3      | Found a stormy altar of Qazlal.
  4079 | D:4      | Found a sand-covered staircase.
  4087 | Ossuary  | Entered an ossuary
  4170 | Ossuary  | HP: 2/38 [mummy (8)]
  4172 | Ossuary  | Reached XP level 6. HP: 3/44 MP: 4/13
  4173 | Ossuary  | Reached skill level 2 in Invocations
  4175 | Ossuary  | HP: 2/44 [rat zombie (1)]
  4203 | Ossuary  | Reached skill level 2 in Fighting
  4203 | Ossuary  | Reached skill level 2 in Short Blades
  4203 | Ossuary  | Reached skill level 2 in Long Blades
  4203 | Ossuary  | Reached skill level 2 in Axes
  4203 | Ossuary  | Reached skill level 2 in Maces & Flails
  4203 | Ossuary  | Reached skill level 2 in Polearms
  4203 | Ossuary  | Reached skill level 2 in Staves
  4203 | Ossuary  | Reached skill level 2 in Slings
  4203 | Ossuary  | Reached skill level 2 in Bows
  4203 | Ossuary  | Reached skill level 2 in Crossbows
  4203 | Ossuary  | Reached skill level 2 in Throwing
  4203 | Ossuary  | Reached skill level 2 in Armour
  4203 | Ossuary  | Reached skill level 5 in Dodging
  4203 | Ossuary  | Reached skill level 2 in Shields
  4203 | Ossuary  | Reached skill level 2 in Unarmed Combat
  4203 | Ossuary  | Reached skill level 2 in Evocations
  4961 | D:4      | Reached XP level 7. HP: 50/50 MP: 8/15
  5099 | D:4      | Found Zaofeacs's Antique Weapon Shop.
  5365 | D:5      | Entered Level 5 of the Dungeon
  5414 | D:5      | Found a staircase to the Ecumenical Temple.
  5424 | Temple   | Entered the Ecumenical Temple
  5793 | D:5      | Reached skill level 2 in Conjurations
  5793 | D:5      | Reached skill level 2 in Hexes
  5793 | D:5      | Reached skill level 2 in Summonings
  5793 | D:5      | Reached skill level 2 in Necromancy
  5793 | D:5      | Reached skill level 2 in Translocations
  5793 | D:5      | Reached skill level 2 in Transmutations
  5793 | D:5      | Reached skill level 2 in Fire Magic
  5793 | D:5      | Reached skill level 2 in Air Magic
  5793 | D:5      | Reached skill level 2 in Earth Magic
  5793 | D:5      | Reached skill level 2 in Poison Magic
  6059 | D:5      | Found a sparkling altar of Nemelex Xobeh.
  6098 | D:5      | Noticed Duvessa
  6105 | D:5      | Noticed Dowan
  6117 | D:5      | Killed Duvessa
  6117 | D:5      | Killed Dowan
  6118 | D:5      | Reached skill level 5 in Stealth
  6118 | D:5      | Reached skill level 3 in Invocations
  6422 | D:5      | Reached XP level 8. HP: 50/57 MP: 8/16
  6639 | D:5      | Found a snail-covered altar of Cheibriados.
  6847 | D:6      | Found Wubaapno's Jewellery Emporium.
  6861 | D:6      | Reached skill level 3 in Fighting
  6861 | D:6      | Reached skill level 3 in Short Blades
  6861 | D:6      | Reached skill level 3 in Long Blades
  6861 | D:6      | Reached skill level 3 in Axes
  6861 | D:6      | Reached skill level 3 in Maces & Flails
  6861 | D:6      | Reached skill level 3 in Polearms
  6861 | D:6      | Reached skill level 3 in Staves
  6861 | D:6      | Reached skill level 3 in Slings
  6861 | D:6      | Reached skill level 3 in Bows
  6861 | D:6      | Reached skill level 3 in Crossbows
  6861 | D:6      | Reached skill level 3 in Throwing
  6861 | D:6      | Reached skill level 3 in Armour
  6861 | D:6      | Reached skill level 3 in Shields
  6861 | D:6      | Reached skill level 3 in Unarmed Combat
  6861 | D:6      | Reached skill level 3 in Evocations
  7106 | D:6      | Found Qefilo Mires's Antique Weapon Shoppe.
  7130 | D:6      | Reached skill level 6 in Spellcasting
  7491 | D:6      | Found Tyolivoc's Assorted Antiques.
  7714 | D:7      | Found a flagged portal.
  7717 | D:7      | Noticed Pikel
  7723 | Bailey   | Entered a bailey
  8045 | Bailey   | Noticed an orc knight
  8046 | Bailey   | Noticed an orc knight
  8046 | Bailey   | Noticed an orc knight
  8084 | Bailey   | Slain by an orc knight

Vanquished Creatures
  Duvessa (D:5)
  3 orc warriors
  2 elf zombies (Ossuary)
  A scorpion (D:4)
  Dowan (D:5)
  A bullfrog zombie (D:6)
  A jelly (D:4)
  An orc priest (D:3)
  2 hounds
  A bullfrog skeleton (D:5)
  2 centaur skeletons
  3 iguanas
  6 orc wizards
  A killer bee zombie (D:7)
  2 hound zombies (Ossuary)
  4 mummies (Ossuary)
  5 adders
  A shadow imp (D:5)
  A white imp (D:5)
  5 dart slugs
  34 orcs
  5 ball pythons
  5 bats
  6 endoplasms
  3 giant cockroaches (D:2)
  5 goblins
  2 hobgoblins (D:2)
  3 kobolds (D:2)
  2 quokkas
  4 frilled lizards
  2 gnoll zombies (Ossuary)
  A jackal zombie (Ossuary)
  A kobold zombie (Ossuary)
  2 orc zombies (Ossuary)
  A rat (D:3)
  2 rat zombies (Ossuary)
  A butterfly (D:5)
123 creatures vanquished.

Table legend:
 A = Non-vault XP
 B = Vault XP
 C = Vault XP percentage of total XP
 D = Non-vault monster count
 E = Vault monster count
 F = Vault count percentage of total count
                 A         B        C        D         E       F
            +---------+---------+-------+---------+---------+-------
      Total |    1125 |     835 |  42.6 |      84 |      38 |  31.1
            +---------+---------+-------+---------+---------+-------
        D:1 |      13 |       0 |   0.0 |       5 |       0 |   0.0
        D:2 |      63 |       3 |   4.5 |      23 |       2 |   8.0
        D:3 |     194 |       0 |   0.0 |      20 |       0 |   0.0
        D:4 |     122 |       0 |   0.0 |       4 |       0 |   0.0
        D:5 |     356 |     220 |  38.2 |      22 |       2 |   8.3
        D:6 |     348 |       0 |   0.0 |       9 |       0 |   0.0
        D:7 |      29 |       8 |  21.6 |       1 |       4 |  80.0
    Ossuary |       0 |     303 | 100.0 |       0 |      16 | 100.0
     Bailey |       0 |     301 | 100.0 |       0 |      14 | 100.0
            +---------+---------+-------+---------+---------+-------

Illustrated notes

Table legend:
 A = Kills in this place as a percentage of kills in entire the game.
 B = Kills by you in this place as a percentage of kills by you in the entire game.
 C = Kills by friends in this place as a percentage of kills by friends in the entire game.
 D = Other kills in this place as a percentage of other kills in the entire game.
 E = Experience gained in this place as a percentage of experience gained in the entire game.
 F = Experience gained in this place divided by the number of levels of this place that you have seen.
                   A       B       C       D       E      F
               +-------+-------+-------+-------+-------+----------------------
         Total | 100.0 | 100.0 |   N/A |   N/A | 100.0 | 196.0
       Dungeon |  75.4 |  75.4 |   N/A |   N/A |  69.2 | 193.7
       Ossuary |  13.1 |  13.1 |   N/A |   N/A |  15.5 | 303.0
        Bailey |  11.5 |  11.5 |   N/A |   N/A |  15.4 | 301.0
               +-------+-------+-------+-------+-------+----------------------

Table legend: (Time is in decaauts)
 A = Elapsed time spent in this place.
 B = Non-inter-level travel time spent in this place.
 C = Inter-level travel time spent in this place.
 D = Time resting spent in this place.
 E = Time spent auto-exploring this place.
 F = Levels seen in this place.
 G = Mean time per level.
                   A        B        C        D        E       F      G
               +--------+--------+--------+--------+--------+-----+--------+
         Total |   8084 |   7767 |    317 |   1544 |   4772 |  10 |  808.4 |
       Dungeon |   6796 |   6495 |    301 |   1082 |   4404 |   7 |  970.9 |
        Temple |    225 |    209 |     16 |      0 |    202 |   1 |  225.0 |
       Ossuary |    701 |    701 |      0 |    243 |    166 |   1 |  701.0 |
        Bailey |    360 |    360 |      0 |    219 |      0 |   1 |  360.0 |
               +--------+--------+--------+--------+--------+-----+--------+

Top non-repeatable levels by time:
     D:3: 1399 daAuts
     D:2: 1322 daAuts
     D:1: 1277 daAuts
     D:5: 1234 daAuts
     D:6: 861 daAuts
 Ossuary: 701 daAuts
     D:4: 670 daAuts
  Bailey: 360 daAuts
  Temple: 225 daAuts
     D:7: 31 daAuts
